Map: Jagannatha LE

Players

Serral - Winner!

  • Race: Zerg Zerg
  • Spawn Location: 7:00

Trap

  • Race: Protoss Protoss
  • League: Master
  • Spawn Location: 1:00

VOD

Have the link to the VOD?

Description

Time

  • Played on: Jan. 17, 2021, 11:36 a.m.
  • Length: 13:01
Show
View Real Time Build Order
Export as new Build Order

Serral Zerg - Winner!

Build Orders: Pool First, Swarm Host 

Get SALT Encoding   

  12  0:16  Spawning Pool  
  11  0:21  Drone  
  11  0:26  Drone  
  13  0:31  Drone  
  14  0:39  Overlord  
  14  1:03  Zergling x4  
  18  1:05  Zergling x2  
  19  1:14  Hatchery  
  19  1:18  Zergling x2  
  17  1:26  Zergling x2  
  18  1:33  Queen  
  18  1:38  Drone  
  21  1:47  Overlord  
  21  1:59  Drone  
  22  2:09  Queen  
  22  2:12  Drone  
  24  2:24  Drone  
  24  2:28  Queen, Drone  
  26  2:32  Drone  
  27  2:42  Zergling x4  
  29  2:48  Overlord  
  28  2:52  Drone x3  
  28  2:56  Drone  
  31  2:59  Drone  
  31  3:04  Queen  
  34  3:10  Zergling x4, Extractor  
  35  3:18  Zergling x2  
  36  3:21  Zergling x2  
  36  3:23  Overlord  
  36  3:26  Zergling x2  
  38  3:27  Zergling x2  
  38  3:31  Drone x2  
  41  3:37  Drone  
  41  3:38  Drone x2  
  43  3:45  Zergling x2, Drone  
  45  4:00  Zergling x2  
  45  4:01  Drone  
  47  4:03  Drone  
  47  4:06  Drone  
  47  4:07  Drone x2  
  51  4:11  Metabolic Boost  
  51  4:13  Overlord  
  51  4:19  Hatchery, Drone  
  51  4:28  Overlord  
  51  4:34  Drone x4  
  51  4:36  Drone x3  
  58  4:40  Extractor  
  58  4:43  Spore Crawler  
  58  4:44  Queen  
  58  4:48  Drone x2  
  58  4:51  Pneumatized Carapace  
  60  4:59  Zergling x2  
  61  5:00  Overlord  
  61  5:01  Drone x2  
  61  5:04  Spore Crawler  
  62  5:10  Drone x4  
  62  5:13  Drone  
  62  5:14  Drone  
  68  5:20  Roach Warren  
  67  5:21  Drone  
  67  5:24  Drone x2  
  70  5:36  Lair, Spore Crawler  
  70  5:38  Overlord  
  70  5:39  Drone x2  
  71  5:46  Queen  
  71  5:47  Drone x2  
  71  5:48  Drone  
  76  5:52  Drone  
  76  5:53  Overlord  
  76  5:55  Drone x2, Evolution Chamber  
  78  6:04  Extractor, Overlord  
  77  6:05  Drone x5  
  77  6:08  Drone x2  
  77  6:09  Drone  
  81  6:13  Drone x2  
  81  6:16  Drone  
  81  6:18  Drone  
  81  6:20  Drone x2  
  83  6:27  Extractor  
  83  6:30  Drone x8  
  90  6:33  Zerg Missile Weapons Level 1  
  90  6:35  Drone  
  90  6:36  Glial Reconstitution  
  90  6:39  Extractor  
  89  6:40  Extractor  
  89  6:42  Drone x2  
  89  6:46  Drone  
  91  6:50  Infestation Pit  
  91  6:51  Roach  
  92  6:54  Overlord  
  92  6:55  Spine Crawler, Roach x3  
  97  7:03  Overlord  
  97  7:13  Roach x4  
  106  7:23  Overlord  
  106  7:27  Overlord  
  106  7:28  Swarm Host x2  
  106  7:29  Overlord x2  
  112  7:30  Overlord  
  112  7:34  Overlord  
  112  7:42  Swarm Host x3  
  121  7:46  Overlord, Swarm Host x3  
  121  7:47  Swarm Host x2  
  136  7:53  Roach x3  
  136  7:57  Roach x2  
  136  7:58  Roach x2  
  150  7:59  Ravager x2  
  150  8:00  Hatchery  
  150  8:02  Overlord  
  151  8:06  Zergling x8  
  151  8:11  Ravager  
  151  8:12  Ravager  
  157  8:13  Roach  
  157  8:14  Roach x2  
  163  8:23  Roach  
  163  8:24  Roach x6  
  177  8:29  Ravager  
  175  8:40  Roach x4  
  176  8:53  Roach  
  176  8:54  Roach  
  177  8:57  Overlord x3  
  177  8:58  Overlord x2  
  175  9:03  Overlord  
  175  9:07  Zerg Missile Weapons Level 2  
  170  9:17  Roach x11  
  179  9:24  Roach  
  179  9:29  Roach x5  
  170  9:41  Roach x4  
  173  9:48  Roach x4, Queen  
  173  9:49  Queen x2  
  181  9:56  Hydralisk Den  
  181  9:59  Roach x4  
  177  10:06  Roach x2  
  165  10:14  Roach x3  
  163  10:22  Roach x3  
  159  10:34  Roach x4  
  167  10:41  Hive  
  161  10:43  Lurker Den  
  158  10:53  Roach x8  
  160  11:06  Extractor  
  160  11:07  Extractor, Roach  
  160  11:08  Roach x4  
  158  11:18  Roach x4  
  158  11:19  Queen  
  160  11:28  Roach  
  160  11:29  Roach x11  
  176  11:36  Ravager x7  
  181  11:40  Roach x2  
  181  11:41  Roach  
  181  11:51  Roach x5  
  187  12:00  Roach x11  
Show
View Real Time Build Order
Export as new Build Order

Trap Protoss 

Build Orders:  

Get SALT Encoding   

  12  0:00  Probe  
  13  0:14  Pylon  
  13  0:17  Probe (Chrono Boost)  
  14  0:27  Probe (Chrono Boost)  
  15  0:32  Probe (Chrono Boost)  
  16  0:41  Gateway  
  16  0:43  Probe  
  17  0:51  Assimilator  
  17  0:55  Probe  
  18  1:07  Probe  
  19  1:16  Gateway  
  19  1:24  Pylon  
  20  1:27  Zealot (Chrono Boost)  
  20  1:28  Cybernetics Core  
  20  1:32  Probe  
  22  1:44  Probe  
  22  1:46  Zealot (Chrono Boost)  
  25  1:56  Probe  
  26  2:02  Pylon  
  26  2:07  Warp Gate  
  28  2:11  Adept (Chrono Boost)  
  28  2:15  Adept (Chrono Boost)  
  29  2:24  Probe  
  28  2:34  Adept  
  30  2:39  Adept  
  32  3:01  Nexus  
  32  3:04  Probe  
  33  3:14  Assimilator  
  33  3:16  Probe  
  34  3:25  Stargate  
  34  3:28  Probe  
  34  3:31  Pylon  
  35  3:40  Probe  
  36  3:52  Probe (Chrono Boost)  
  37  3:56  Stalker  
  37  4:02  Probe (Chrono Boost)  
  40  4:07  Oracle (Chrono Boost)  
  40  4:08  Probe (Chrono Boost)  
  42  4:15  Probe (Chrono Boost)  
  43  4:24  Probe x2 (Chrono Boost)  
  45  4:29  Probe (Chrono Boost)  
  45  4:30  Probe  
  46  4:38  Oracle  
  47  4:41  Probe  
  47  4:42  Probe  
  52  4:51  Pylon  
  52  4:53  Probe  
  52  4:55  Probe  
  54  5:00  Nexus  
  54  5:05  Probe  
  54  5:07  Probe  
  56  5:12  Assimilator, Oracle (Chrono Boost)  
  56  5:14  Assimilator  
  56  5:17  Probe  
  56  5:21  Pylon  
  60  5:25  Probe  
  61  5:30  Probe  
  61  5:33  Twilight Council, Forge  
  62  5:38  Probe  
  62  5:42  Probe  
  64  5:45  Gateway  
  63  5:51  Probe  
  63  5:54  Protoss Ground Weapons Level 1, Probe  
  63  5:56  Sentry  
  67  5:57  Sentry  
  67  6:00  Gateway  
  67  6:02  Gateway  
  69  6:05  Shield Battery, Probe  
  69  6:06  Probe  
  71  6:14  Blink (Chrono Boost)  
  71  6:16  Probe  
  71  6:17  Probe  
  73  6:25  Gateway  
  73  6:26  Gateway  
  73  6:31  Probe x3  
  76  6:35  Shield Battery  
  76  6:40  Sentry x2  
  76  6:44  Probe x3  
  83  6:49  Pylon  
  83  6:52  Robotics Facility  
  83  6:56  Probe x3  
  83  6:58  Pylon  
  86  7:08  Probe x3  
  89  7:19  Stalker x5  
  89  7:20  Stalker  
  89  7:22  Probe x2  
  103  7:23  Probe  
  104  7:30  Assimilator  
  104  7:31  Assimilator  
  104  7:35  Pylon  
  104  7:38  Pylon  
  104  7:42  Robotics Bay, Pylon  
  104  7:44  Robotics Facility  
  104  7:48  Observer (Chrono Boost)  
  105  7:54  Stalker  
  105  7:55  Stalker  
  105  7:57  Photon Cannon  
  109  7:59  Shield Battery  
  109  8:00  Pylon  
  109  8:01  Pylon  
  109  8:02  Immortal (Chrono Boost)  
  113  8:10  Stalker x2  
  117  8:14  Stalker  
  117  8:15  Pylon  
  117  8:17  Stalker  
  121  8:21  Protoss Ground Weapons Level 2 (Chrono Boost)  
  121  8:27  Photon Cannon  
  119  8:41  Stalker  
  119  8:42  Stalker x4, Photon Cannon  
  129  8:54  Colossus (Chrono Boost)  
  135  9:07  Colossus (Chrono Boost)  
  131  9:11  Stalker x3  
  131  9:15  Stalker  
  135  9:21  Zealot  
  135  9:22  Zealot x2  
  114  9:34  Colossus (Chrono Boost)  
  114  9:35  Stalker x2  
  124  9:42  Stalker x3  
  122  9:51  Disruptor (Chrono Boost)  
  117  9:56  Observer  
  117  9:57  Zealot x2  
  109  10:00  Gateway  
  109  10:02  Gateway  
  109  10:06  Stalker x3  
  108  10:27  Stalker x2  
  110  10:31  Stalker x3  
  110  10:32  Colossus (Chrono Boost)  
  120  10:35  Pylon  
  98  10:55  Stalker x3  
  98  10:56  Stalker x3  
  102  11:08  Disruptor (Chrono Boost)  
  105  11:20  Warp Prism (Chrono Boost)  
  105  11:23  Stalker x2  
  105  11:24  Stalker  
  92  11:34  Stalker  
Tags
 
Composition
Swarm Host
League
Master
Matchup
PvZ
Opening
Pool First
Spawn Locations
Cross Positions
Add a new tag
Caveats
  • Supply blocks, unpowered buildings, or Contaminate may cause inaccurate times.
  • Supply counts are checked every 10 seconds.